 Dungeon Crawl Stone Soup version 0.21-a0-274-gc1afaeb (console) character file.

154 nht the Bolt Thrower (level 5, 0/63 HPs)
             Began as a Minotaur Hunter on Sept 19, 2017.
             Killed by nerve-wracking pain
             ... invoked by an orc priest
              (12 damage)
             ... on level 3 of the Dungeon.
             The game lasted 00:04:59 (1431 turns).

nht the Bolt Thrower (Minotaur Hunter)              Turns: 1431, Time: 00:05:00

Health: 0/63       AC:  3    Str: 22    XL:     5   Next: 13%
Magic:  4/4        EV: 12    Int:  8    God:
Gold:   97         SH:  0    Dex: 11    Spells: 4/4 levels left

rFire    . . .     SeeInvis .   b - +0 short sword
rCold    . . .     Gourm    .   (no shield)
rNeg     . . .     Faith    .   c - +0 leather armour
rPois    .         Spirit   .   (helmet restricted)
rElec    .         Reflect  .   (no cloak)
rCorr    .         Harm     .   (no gloves)
MR       .....                  (no boots)
Stlth    ..........             (no amulet)
HPRegen  0.20/turn              (no ring)
MPRegen  0.09/turn              (no ring)

@: berserking, very quick
A: retaliatory headbutt, horns 2
a: no special abilities


You were on level 3 of the Dungeon.
You were not hungry.

You visited 1 branch of the dungeon, and saw 3 of its levels.

You collected 97 gold pieces.

Inventory:

Hand Weapons
 a - a +1 hand crossbow
 b - a +0 short sword (weapon)
Missiles
 s - 6 bolts
Armour
 c - a +0 leather armour (worn)
Wands
 d - a wand of iceblast (4/15)
Scrolls
 e - a scroll of identify
 j - a scroll of immolation {unknown}
 k - a scroll of magic mapping {unknown}
 l - a scroll of enchant armour {unknown}
 m - a scroll of noise {unknown}
 n - a scroll of teleportation {unknown}
 r - a scroll of amnesia {unknown}
 t - a scroll of remove curse {unknown}
Potions
 i - 2 potions of berserk rage
 q - a potion of resistance
Comestibles
 f - 3 bread rations
 g - 2 chunks of flesh
 h - a meat ration
 o - a royal jelly
 p - a fruit


   Skills:
 - Level 2.4 Fighting
 + Level 7.1 Crossbows
 - Level 2.1 Dodging
 - Level 0.7 Stealth


You had 4 spell levels left.
You didn't know any spells.

Dungeon Overview and Level Annotations

Branches:
Dungeon (3/15)

Altars:


Innate Abilities, Weirdness & Mutations

You reflexively headbutt those who attack you in melee.
You have a pair of horns on your head.


Message History

You closely miss the orc. You headbutt the orc.
The orc is heavily wounded.
The orc priest moves out of view.
The orc hits you with a hand axe.
The orc priest calls down the wrath of Beogh upon you.
Beogh smites you!
* * * LOW HITPOINT WARNING * * *
A red film seems to cover your vision as you go berserk!
You feel yourself moving faster!
You feel mighty! The orc closely misses you.
You closely miss the orc.
The orc is heavily wounded.
The orc misses you.
You puncture the orc!
You kill the orc!
Unknown command.
Unknown command.
You puncture the orc!
You kill the orc!
The orc priest mumbles some strange prayers to Beogh against you.
Pain shoots through your body!
You die...

...... █........████.
██....?██........██.+<
........+.........██.█.
.█.....█.........██.'.
.......+.........████.
██....██........█ █.
█.██.....██........████.
█.......................
██...@.█████████)█████


█████o█ .█ █.█ .█ █)█ █.█ █.. █.. █... █..$ You could see an orc priest.

Vanquished Creatures
  Ijyb (D:3)
  5 adders
  An ooze (D:3)
  2 worms
  2 dart slugs
  2 leopard geckos (D:1)
  3 orcs (D:3)
  8 bats
  2 giant cockroaches
  8 goblins
  10 hobgoblins
  4 jackals (D:1)
  A ball python (D:2)
  7 frilled lizards
  8 kobolds
  2 rats
66 creatures vanquished.

Notes
Turn   | Place    | Note
-------+----------+-------------------------------------------
     0 | D:1      | nht the Minotaur Hunter began the quest for the Orb.
     0 | D:1      | Reached XP level 1. HP: 18/18 MP: 0/0
   111 | D:1      | Reached XP level 2. HP: 25/25 MP: 1/1
   114 | D:1      | Reached skill level 5 in Crossbows
   381 | D:1      | Reached XP level 3. HP: 30/30 MP: 2/2
   659 | D:2      | Reached skill level 6 in Crossbows
   666 | D:2      | Reached XP level 4. HP: 35/37 MP: 3/3
  1169 | D:3      | Noticed Ijyb
  1180 | D:3      | Killed Ijyb
  1219 | D:3      | Reached XP level 5. HP: 37/42 MP: 4/4
  1253 | D:3      | Reached skill level 7 in Crossbows
  1431 | D:3      | Killed from afar by an orc priest

Vault maps used:
D:1:      sevenhm_arrival_forest_fort_small_4
D:3:      uniq_ijyb

Skill      XL: |  1  2  3  4  5 |
---------------+----------------+-----
Crossbows      | 5 6 7 |  7.1
Fighting       | |  2.4
Dodging        | |  2.1
Stealth        | |  0.7

Action                   |  1- 3 |  4- 6 || total
-------------------------+-------+-------++-------
Melee: Short sword       |       |    33 ||    33
       Headbutt          |       |     2 ||     2
 Fire: Hand crossbow     |    69 |    37 ||   106
  Use: Scroll            |       |     3 ||     3
       Potion            |       |     1 ||     1
  Eat: Chunk             |       |     2 ||     2
Armor: Leather armour    |     5 |    14 ||    19
Dodge: Dodged            |    20 |    25 ||    45

Table legend:
 A = Spawn XP
 B = Non-spawn XP
 C = Spawn XP percentage of total XP
 D = Spawn monster count
 E = Non-spawn monster count
 F = Spawn count percentage of total count
 G = Total turns spent on level
                    A         B        C        D         E        F      G
               +---------+---------+-------+---------+---------+-------+---------
         Total |       0 |     221 |   0.0 |       0 |      66 |   0.0 |  1431
               +---------+---------+-------+---------+---------+-------+---------
           D:1 |       0 |      54 |   0.0 |       0 |      31 |   0.0 |   604
           D:2 |       0 |      86 |   0.0 |       0 |      21 |   0.0 |   502
           D:3 |       0 |      81 |   0.0 |       0 |      14 |   0.0 |   325
               +---------+---------+-------+---------+---------+-------+---------
